 Dungeon Crawl Stone Soup version 0.27.1-3-gb3d3a73c9e (webtiles) character file.

Game seed: 8808230580405522625

2420 AarnesTheHuman the Blocker (level 9, -1/73 HPs)
             Began as a Barachi Fighter on Oct 27, 2021.
             Slain by a wight (5 damage)
             ... on level 6 of the Dungeon.
             The game lasted 00:13:51 (8156 turns).

AarnesTheHuman the Blocker (Barachi Fighter)        Turns: 8156, Time: 00:13:51

Health: -1/73      AC:  9    Str: 27    XL:     9   Next: 48%
Magic:  9/9        EV:  9    Int:  9    God:
Gold:   286        SH: 12    Dex: 11    Spells: 8/8 levels left

rFire    . . .     SeeInvis .   n - +1 dagger (venom)
rCold    + . .     Faith    .   c - +0 kite shield
rNeg     . . .     Spirit   .   x - +1 acid dragon scales
rPois    .         Reflect  .   (no helmet)
rElec    .         Harm     .   (no cloak)
rCorr    +         Rampage  .   h - +0 pair of gloves
Will     .....                  t - +2 pair of boots
Stlth    +.........             (no amulet)
HPRegen  0.22/turn              p - ring of protection from cold
MPRegen  0.11/turn              g - +6 ring of strength

@: mighty, corroded, slow
A: amphibious, slowness 1, strong legs 1, +LOS
a: Hop


You were on level 6 of the Dungeon.
You visited 2 branches of the dungeon, and saw 7 of its levels.
You also visited: Sewer.

You collected 286 gold pieces.

Inventory:

Hand Weapons
 a - a +0 long sword
 n - a +1 dagger of venom (weapon)
 q - a +0 hunting sling
 y - a +0 halberd
Missiles
 e - 87 bolts
 f - 28 poisoned darts
 s - 103 stones
 v - 16 sling bullets
Armour
 b - a +0 scale mail
 c - a +0 kite shield (worn)
 h - a +0 pair of gloves (worn)
 j - a +0 tower shield
 t - a +2 pair of boots (worn)
 x - +1 acid dragon scales (worn)
Jewellery
 g - a +6 ring of strength (right hand)
 p - a ring of protection from cold (left hand)
Wands
 w - a wand of iceblast (7)
Scrolls
 k - 4 scrolls of identify
 o - 4 scrolls of teleportation
 z - 2 scrolls of enchant armour
 B - a scroll of noise {unknown}
 D - a scroll of fear {unknown}
Potions
 d - 2 potions of might
 i - 2 potions of flight
 l - 2 potions of haste
 m - 2 potions of resistance
 r - a potion of brilliance
 u - a potion of curing
 A - a potion of magic {unknown}
 C - a potion of degeneration {unknown}


   Skills:
 + Level 7.7 Fighting
 + Level 7.1 Long Blades
 + Level 7.5 Armour
 * Level 9.2 Shields


You had 8 spell levels left.
You didn't know any spells.
Your spell library was empty.

Dungeon Overview and Level Annotations

Branches:
Dungeon (6/15)             Temple (1/1) D:6           Sewer (visited)

Altars:
Ashenzari
Dithmenos
Gozag
Hepliaklqana
Kikubaaqudgha
Nemelex Xobeh
Okawaru
Qazlal
Ru
Sif Muna
Trog
Uskayaw
Vehumet
Wu Jian
Xom
Yredelemnul
Zin
The Shining One

Shops:
D:6 =

Annotations:
D:2 1 runed translucent door, Crazy Yiuf
D:6 3 runed translucent doors, exclusion: 3 doors, FDRCH's ghost, novice DECj; Goreval's ghost, amateur GnWn; Linguinho's ghost, novice GrFi; kalagan's ghost, amateur DECj


Innate Abilities, Weirdness & Mutations

You are amphibious.
You cover ground slowly.
You can hop short distances.
You have an extended range of vision and can be seen from far away.


Message History

You block the gnoll's attack.
The ufetubus hits you but does no damage. x2
The gnoll hits you with a +0 halberd.
* * * LOW HITPOINT WARNING * * *
You completely miss the wight. The gnoll barely misses you.
The ufetubus closely misses you. You block the ufetubus's attack.
The wight barely misses you.
You closely miss the wight.
You kill the gnoll!
You block the ufetubus's attack. x2; The gnoll barely misses you.
You block the wight's attack. The ufetubus barely misses you. x2
The gnoll barely misses you.
You completely miss the wight. The ufetubus barely misses you.
The ufetubus hits you.
* * * LOW HITPOINT WARNING * * *
The wight completely misses you.
You hit the wight.
The wight is lightly damaged.
The ufetubus hits you.
* * * LOW HITPOINT WARNING * * *
The ufetubus hits you but does no damage.
You block the gnoll's attack. The wight closely misses you.
You block the ufetubus's attack. The ufetubus barely misses you.
You hit the wight.
The wight is lightly damaged.
You block the gnoll's attack. The ufetubus closely misses you.
The ufetubus barely misses you. You block the wight's attack.
You hit the gnoll.
The gnoll is moderately wounded.
The ufetubus hits you but does no damage. x2
You block the gnoll's attack. You block the wight's attack.
The ufetubus hits you but does no damage. x2
You feel better. The gnoll hits you with a +0 halberd!
* * * LOW HITPOINT WARNING * * *
You block the ufetubus's attack. x2; You block the wight's attack.
You feel very mighty all of a sudden.
You block the ufetubus's attack. x2; The gnoll hits you with a +0 halberd.
* * * LOW HITPOINT WARNING * * *
The wight hits you with a +3 battleaxe.
You die...

#### # #....######## #.
#....#...... #.. #.... .....
.#...##....#.>.# ..
.....#....##...##..[
..:.......#.........
..........#)........
.........g@z...../.. ###
..⌠.._...5##'####..# ##(♣⌠
................#######8...
................#...##)....
.................#...##(...!
.................#..###8.W..
................##'#.#)WW..
#....................####++
#....#####.................


You could see a wight, a gnoll and an ufetubus.

Vanquished Creatures
  Grinder (D:6)
  Sigmund (D:4)
  An acid dragon (D:5)
  Duvessa (D:6)
  A sky beast (D:5)
  An ice beast (D:5)
  2 necrophages (D:4)
  An ogre (D:5)
  A kobold brigand (D:5)
  2 bullfrogs (Sewer)
  A scorpion (D:5)
  2 gnoll sergeants (D:5)
  Dowan (D:6)
  3 wights (D:5)
  A howler monkey (D:6)
  A bullfrog zombie (D:6)
  2 jellies
  2 centaur skeletons
  A bullfrog skeleton (D:5)
  3 orc priests (D:5)
  2 hounds
  A gnoll shaman (D:5)
  An orc wizard (D:4)
  Terence (D:2)
  A howler monkey zombie (D:6)
  14 gnolls
  11 adders
  A river rat (D:3)
  An ufetubus (D:6)
  4 worms (D:3)
  8 orcs
  15 endoplasms
  12 giant cockroaches
  10 hobgoblins
  4 jackals (D:5)
  11 kobolds
  13 quokkas
  15 ball pythons
  9 bats
  20 frilled lizards
  4 goblins
  6 rats (D:3)
193 creatures vanquished.

Vanquished Creatures (others)
  3 plants (D:6)
3 creatures vanquished.

Grand Total: 196 creatures vanquished

Notes
Turn   | Place    | Note
-------+----------+-------------------------------------------
     0 | D:1      | AarnesTheHuman the Barachi Fighter began the quest for the
                  | Orb.
     0 | D:1      | Reached XP level 1. HP: 18/18 MP: 1/1
   281 | D:1      | Reached XP level 2. HP: 25/25 MP: 2/2
  1005 | D:1      | Reached XP level 3. HP: 27/30 MP: 3/3
  1354 | D:1      | Reached skill level 4 in Shields
  1536 | D:2      | Reached XP level 4. HP: 15/37 MP: 4/4
  1845 | D:2      | Noticed Terence
  1866 | D:2      | Killed Terence
  2138 | D:2      | Found a runed translucent door.
  2139 | D:2      | Noticed Crazy Yiuf
  2509 | D:3      | Reached XP level 5. HP: 24/43 MP: 5/5
  2544 | D:3      | Found a glowing drain.
  2552 | Sewer    | Entered a sewer
  3022 | Sewer    | Reached skill level 5 in Shields
  3174 | Sewer    | Reached XP level 6. HP: 47/50 MP: 6/6
  3188 | Sewer    | Reached skill level 5 in Fighting
  3188 | Sewer    | Reached skill level 5 in Armour
  3786 | D:3      | Found a sacrificial altar of Ru.
  4139 | D:4      | Noticed a necrophage
  4185 | D:4      | Killed a necrophage
  4186 | D:4      | Reached XP level 7. HP: 45/56 MP: 7/7
  4308 | D:4      | Reached skill level 6 in Shields
  4354 | D:4      | Found a shimmering blue altar of Sif Muna.
  4454 | D:4      | Noticed Sigmund
  4466 | D:4      | Killed Sigmund
  4467 | D:4      | Reached skill level 5 in Long Blades
  4644 | D:4      | Found an ancient bone altar of Kikubaaqudgha.
  4935 | D:5      | Entered Level 5 of the Dungeon
  5171 | D:5      | Reached XP level 8. HP: 63/64 MP: 8/8
  5274 | D:5      | Reached skill level 7 in Shields
  6046 | D:5      | Reached skill level 8 in Shields
  6518 | D:5      | Reached XP level 9. HP: 66/72 MP: 9/9
  7313 | D:6      | Found a staircase to the Ecumenical Temple.
  7320 | D:6      | Noticed Grinder
  7323 | Temple   | Entered the Ecumenical Temple
  7685 | D:6      | Killed Grinder
  7888 | D:6      | Noticed Duvessa
  7888 | D:6      | Noticed Dowan
  7902 | D:6      | Killed Duvessa
  7903 | D:6      | Reached skill level 9 in Shields
  7909 | D:6      | Killed Dowan
  8052 | D:6      | Found Epnemil's Jewellery Shoppe.
  8065 | D:6      | Found a runed translucent gate.
  8065 | D:6      | Found a runed translucent gate.
  8077 | D:6      | Noticed FDRCH's ghost (novice DECj)
  8079 | D:6      | Found a runed translucent gate.
  8079 | D:6      | Noticed Linguinho's ghost (novice GrFi)
  8079 | D:6      | Noticed Goreval's ghost (amateur GnWn)
  8079 | D:6      | Noticed kalagan's ghost (amateur DECj)
  8113 | D:6      | Found a glowing golden altar of the Shining One.
  8156 | D:6      | Slain by a wight

Illustrated notes

Levels and vault maps discovered:
D:1:      lightli_iron_boxes, layout_loops_corners, minmay_misc_feat_tiny
D:2:      layout_basic, minmay_misc_feat_room, st_stairs_2, nrook_mini_vaults,
          minmay_pentomino_x2, uniq_terence, uniq_crazy_yiuf_cottage
D:3:      layout_loops_ring, hangedman_ru_absence, lightli_sewer_entry_pipes,
          columned_hall_lemuel
D:4:      layout_basic, nicolae_kikubaaqudgha_miasma_corner,
          general_overflow_altar, uniq_sigmund
D:5:      layout_loops_ring, minmay_misc_feat_tower
D:6:      layout_gridville, grunt_temple_overflow_open,
          minmay_temple_entry_statues_pillars, serial_shops, kennysheep_mini,
          gammafunk_ghost_cemetery, serial_bayou_crossing, uniq_duvessa,
          uniq_grinder
Temple:   eino_temple_water

Skill      XL: |  1  2  3  4  5  6  7  8  9 |
---------------+----------------------------+-----
Armour         | 4 5 6 7 |  7.5
Fighting       | 4 5 6 7 |  7.7
Shields        | 4 5 6 8 9 |  9.2
Long Blades    | 3 4 5 6 7 |  7.1

Action                   |  1- 3 |  4- 6 |  7- 9 || total
-------------------------+-------+-------+-------++-------
Melee: Long sword        |   112 |    77 |    71 ||   260
       Dagger            |       |   288 |   356 ||   644
Throw: Dart              |       |     3 |     6 ||     9
       Throwing net      |       |     1 |     3 ||     4
  Use: Scroll            |       |     9 |     3 ||    12
       Potion            |       |       |     3 ||     3
Armor: Scale mail        |    61 |   153 |    91 ||   305
       Acid dragon scale |       |       |    84 ||    84
Dodge: Dodged            |    32 |    92 |   143 ||   267
Block: Kite shield       |    71 |   182 |   263 ||   516
       Rpst.: Long sword |    12 |     7 |    12 ||    31
